Map: Odyssey LE

Players

Strange

  • Race: Protoss Protoss
  • Spawn Location: 5:00

Indy - Winner!

  • Race: Protoss Protoss
  • Spawn Location: 11:00

Event: WCS Valencia 2017

VOD

Have the link to the VOD?

Description

Time

  • Played on: July 13, 2017, 6:37 a.m.
  • Length: 15:53

All games in this series

Show
View Real Time Build Order
Export as new Build Order

Strange Protoss 

Build Orders:  

Get SALT Encoding   

  12  0:00  Probe (Chrono Boost)  
  13  0:11  Probe (Chrono Boost)  
  14  0:17  Pylon  
  14  0:22  Probe (Chrono Boost)  
  16  0:35  Probe (Chrono Boost)  
  16  0:36  Gateway  
  16  0:42  Assimilator  
  16  0:46  Probe (Chrono Boost)  
  17  0:50  Assimilator  
  17  0:56  Probe (Chrono Boost)  
  18  1:07  Probe (Chrono Boost), Gateway  
  19  1:17  Probe (Chrono Boost)  
  20  1:24  Cybernetics Core  
  20  1:28  Probe (Chrono Boost)  
  21  1:34  Pylon  
  21  1:38  Probe (Chrono Boost)  
  22  1:49  Probe (Chrono Boost)  
  23  2:01  Mothership Core (Chrono Boost), Adept x2  
  29  2:02  Warp Gate (Chrono Boost)  
  29  2:10  Pylon  
  29  2:19  Probe  
  30  2:28  Stalker x2  
  34  2:57  Probe, Nexus  
  35  3:04  Sentry  
  37  3:07  Pylon  
  37  3:09  Probe  
  38  3:21  Probe  
  39  3:31  Robotics Facility  
  39  3:33  Probe  
  40  3:45  Probe  
  41  3:52  Stalker x2  
  43  3:57  Probe  
  40  4:08  Gateway  
  41  4:15  Stalker x2  
  44  4:21  Immortal (Chrono Boost)  
  46  4:37  Stalker  
  46  4:38  Sentry  
  45  4:40  Probe  
  45  4:47  Probe (Chrono Boost)  
  45  4:52  Probe (Chrono Boost)  
  46  4:58  Observer  
  47  5:01  Probe (Chrono Boost)  
  47  5:03  Probe (Chrono Boost)  
  47  5:05  Pylon  
  49  5:11  Probe (Chrono Boost)  
  51  5:14  Probe (Chrono Boost)  
  51  5:16  Sentry  
  51  5:20  Observer  
  54  5:22  Probe (Chrono Boost)  
  54  5:24  Probe (Chrono Boost)  
  56  5:28  Forge  
  56  5:33  Probe (Chrono Boost)  
  57  5:37  Probe (Chrono Boost), Twilight Council  
  58  5:43  Probe (Chrono Boost)  
  58  5:48  Probe (Chrono Boost), Protoss Ground Weapons Level 1 (Chrono Boost)  
  60  5:51  Assimilator  
  60  5:53  Probe (Chrono Boost)  
  61  5:58  Probe (Chrono Boost)  
  61  6:03  Probe  
  62  6:10  Probe  
  64  6:14  Pylon, Probe  
  64  6:15  Blink (Chrono Boost)  
  65  6:22  Probe  
  66  6:27  Probe  
  66  6:30  Nexus  
  67  6:33  Pylon  
  67  6:34  Probe  
  67  6:39  Probe  
  69  6:49  Probe  
  69  6:51  Sentry, Assimilator  
  69  6:52  Stalker x2  
  69  6:53  Probe  
  77  7:00  Pylon  
  78  7:01  Probe  
  78  7:05  Probe  
  79  7:13  Probe  
  79  7:14  Gateway  
  79  7:15  Gateway  
  80  7:17  Probe  
  81  7:24  Protoss Ground Weapons Level 2  
  81  7:25  Probe  
  81  7:26  Robotics Bay  
  81  7:29  Probe  
  83  7:37  Probe  
  83  7:41  Probe  
  83  7:42  Immortal  
  89  7:49  Probe, Stalker x2  
  89  7:50  Sentry  
  96  7:53  Probe  
  85  8:15  Stalker x3  
  85  8:16  Zealot x2  
  85  8:19  Probe  
  95  8:21  Probe x2  
  102  8:30  Probe  
  102  8:33  Probe x2, Disruptor (Chrono Boost)  
  104  8:40  Probe  
  103  8:44  Assimilator  
  103  8:45  Probe x2  
  103  8:46  Pylon  
  106  8:48  Assimilator  
  106  8:52  Photon Cannon  
  106  8:54  Photon Cannon  
  106  8:55  Photon Cannon  
  106  9:03  Gateway  
  106  9:07  Charge (Chrono Boost)  
  106  9:09  Gateway x2  
  106  9:10  Disruptor (Chrono Boost)  
  106  9:16  Stalker x3  
  115  9:18  Stalker  
  115  9:21  Pylon  
  117  9:29  Protoss Ground Weapons Level 3  
  117  9:41  Stalker  
  117  9:42  Stalker x3  
  124  9:45  Pylon  
  124  9:48  Pylon  
  124  9:49  Pylon  
  124  9:59  Pylon  
  124  10:13  Zealot x5  
  124  10:14  Zealot x3  
  136  10:36  Zealot x4  
  136  10:37  Zealot  
  146  10:43  Nexus  
  146  10:45  Pylon  
  116  11:05  Stalker x2  
  116  11:07  Disruptor (Chrono Boost)  
  116  11:10  Adept x2  
  125  11:12  Probe  
  125  11:13  Probe x2  
  108  11:30  Sentry x2  
  108  11:31  Stalker x2  
  108  11:32  Stalker x3  
  117  11:52  Disruptor (Chrono Boost)  
  116  11:54  Zealot, Stalker x2  
  116  11:55  Zealot x5  
  124  12:06  Templar Archives  
  124  12:07  Probe  
  124  12:08  Probe  
  124  12:09  Probe  
  125  12:20  Probe  
  125  12:21  Probe  
  109  12:29  Zealot x5  
  115  12:44  Zealot x3  
  108  12:54  Zealot x5  
  108  12:57  Zealot x3  
  108  12:58  Zealot  
  114  13:01  Disruptor (Chrono Boost)  
  114  13:05  Probe x2  
  117  13:17  High Templar x4  
  117  13:19  High Templar x2  
  129  13:20  High Templar x2  
  129  13:21  Archon x2  
  129  13:22  Pylon  
  129  13:23  Archon  
  129  13:24  Archon  
  133  13:32  Disruptor (Chrono Boost)  
  136  13:44  Protoss Ground Armor Level 1  
  134  13:49  Zealot  
  134  13:50  Zealot x3  
  140  14:03  Disruptor (Chrono Boost)  
  140  14:06  Pylon  
  140  14:08  Pylon  
  143  14:17  Pylon  
  143  14:26  High Templar x2  
  143  14:27  High Templar x6  
  159  14:32  Archon x3  
  159  14:33  Archon  
  159  14:34  Pylon  
  159  14:37  Warp Prism (Chrono Boost)  
  161  14:39  Nexus  
  161  14:41  Pylon  
  155  14:53  Probe  
  155  14:54  Probe x2  
  158  15:01  Zealot x4  
  158  15:02  Zealot x2  
  158  15:06  Probe  
  126  15:37  Zealot  
  126  15:38  Zealot x6  
  126  15:39  Zealot  
Show
View Real Time Build Order
Export as new Build Order

Indy Protoss - Winner!

Build Orders:  

Get SALT Encoding   

  12  0:00  Probe (Chrono Boost)  
  13  0:11  Probe (Chrono Boost)  
  14  0:18  Pylon  
  14  0:22  Probe (Chrono Boost)  
  15  0:36  Probe (Chrono Boost), Gateway  
  15  0:42  Assimilator  
  16  0:47  Probe (Chrono Boost)  
  17  0:51  Assimilator  
  17  0:57  Probe (Chrono Boost)  
  18  1:08  Probe (Chrono Boost)  
  19  1:12  Gateway  
  20  1:18  Probe (Chrono Boost)  
  20  1:23  Cybernetics Core  
  20  1:29  Probe (Chrono Boost)  
  21  1:33  Pylon  
  21  1:39  Probe (Chrono Boost)  
  22  1:50  Probe (Chrono Boost)  
  23  2:00  Stalker, Warp Gate (Chrono Boost)  
  23  2:01  Mothership Core (Chrono Boost)  
  27  2:08  Stalker  
  29  2:16  Pylon  
  29  2:19  Probe (Chrono Boost)  
  30  2:34  Stalker  
  32  2:38  Stalker  
  34  2:49  Probe (Chrono Boost)  
  34  3:01  Probe  
  34  3:04  Stalker  
  37  3:08  Stalker  
  39  3:22  Pylon  
  39  3:29  Nexus  
  39  3:42  Probe (Chrono Boost)  
  40  3:51  Pylon  
  40  3:53  Probe (Chrono Boost)  
  37  4:03  Probe (Chrono Boost)  
  37  4:04  Adept x2  
  42  4:11  Robotics Facility  
  42  4:14  Probe (Chrono Boost)  
  43  4:24  Probe (Chrono Boost)  
  44  4:35  Probe (Chrono Boost)  
  45  4:44  Probe (Chrono Boost), Twilight Council  
  43  4:45  Probe (Chrono Boost)  
  41  4:54  Probe (Chrono Boost)  
  41  4:56  Probe (Chrono Boost), Sentry x2  
  48  5:00  Observer  
  48  5:05  Probe (Chrono Boost)  
  48  5:06  Probe (Chrono Boost)  
  48  5:07  Forge  
  50  5:15  Probe (Chrono Boost)  
  50  5:17  Probe (Chrono Boost)  
  50  5:20  Blink, Gateway  
  52  5:27  Observer  
  53  5:30  Probe x2 (Chrono Boost)  
  55  5:42  Protoss Ground Weapons Level 1  
  55  5:43  Probe x2 (Chrono Boost), Gateway  
  55  5:46  Assimilator  
  55  5:48  Immortal (Chrono Boost), Assimilator  
  61  5:53  Probe x2 (Chrono Boost)  
  63  6:00  Pylon  
  63  6:01  Sentry  
  65  6:15  Probe, Nexus  
  65  6:16  Pylon, Probe  
  67  6:23  Pylon  
  67  6:29  Immortal (Chrono Boost)  
  67  6:30  Probe x2  
  73  6:51  Probe  
  73  6:52  Probe  
  73  6:54  Stalker x4  
  77  6:59  Photon Cannon  
  83  7:05  Probe  
  83  7:07  Probe  
  85  7:12  Immortal (Chrono Boost)  
  89  7:20  Stalker x2  
  94  7:22  Pylon, Probe  
  94  7:28  Stalker  
  96  7:30  Stalker  
  96  7:34  Probe (Chrono Boost)  
  96  7:35  Probe (Chrono Boost)  
  96  7:36  Probe (Chrono Boost)  
  101  7:40  Robotics Bay  
  101  7:45  Probe (Chrono Boost)  
  101  7:46  Probe x2 (Chrono Boost)  
  101  7:49  Warp Prism  
  106  7:56  Probe (Chrono Boost)  
  106  7:57  Probe x2 (Chrono Boost)  
  105  8:09  Probe x3 (Chrono Boost)  
  108  8:19  Probe (Chrono Boost)  
  109  8:20  Protoss Ground Weapons Level 2 (Chrono Boost)  
  109  8:21  Gateway  
  109  8:24  Gateway  
  109  8:25  Gateway  
  109  8:26  Assimilator  
  109  8:29  Pylon, Gateway  
  109  8:30  Photon Cannon  
  109  8:31  Assimilator  
  109  8:33  Photon Cannon  
  109  8:47  Probe  
  110  8:49  Robotics Facility  
  110  8:51  Stalker  
  110  8:52  Pylon, Stalker x2  
  110  8:54  Pylon  
  116  8:57  Charge  
  116  9:05  Disruptor  
  116  9:07  Nexus  
  119  9:10  Pylon  
  119  9:13  Adept  
  119  9:15  Adept  
  123  9:17  Zealot  
  125  9:24  Stalker  
  123  9:37  Stalker x5  
  133  9:40  Disruptor (Chrono Boost)  
  133  9:45  Disruptor (Chrono Boost)  
  135  9:51  Pylon  
  135  9:54  Photon Cannon  
  132  10:12  Disruptor (Chrono Boost)  
  135  10:17  Disruptor (Chrono Boost)  
  135  10:18  Zealot x5  
  146  10:29  Probe x2  
  146  10:33  Assimilator  
  146  10:35  Zealot x3  
  150  10:42  Protoss Air Weapons Level 1  
  154  10:43  Disruptor (Chrono Boost)  
  154  10:44  Protoss Ground Weapons Level 3  
  154  10:45  Pylon, Stargate  
  157  10:50  Zealot x3  
  157  10:51  Zealot  
  150  11:05  Stalker x4  
  144  11:28  Zealot x7  
  156  11:36  Stargate x2  
  156  11:37  Disruptor (Chrono Boost)  
  156  11:39  Fleet Beacon  
  157  11:41  Disruptor (Chrono Boost)  
  157  11:43  Stargate  
  151  11:51  Stalker x2  
  151  11:52  Stalker x4  
  164  12:08  Disruptor (Chrono Boost)  
  164  12:12  Disruptor (Chrono Boost)  
  157  12:28  Stalker x8  
  138  13:06  Probe  
  138  13:08  Probe x2  
  141  13:14  Protoss Air Weapons Level 2 (Chrono Boost)  
  141  13:15  Zealot x2, Photon Cannon  
  141  13:16  Zealot x4, Nexus  
  141  13:17  Assimilator  
  141  13:18  Photon Cannon x2  
  141  13:19  Zealot x2, Assimilator  
  157  13:20  Photon Cannon  
  157  13:22  Pylon, Carrier (Chrono Boost), Dark Shrine  
  157  13:23  Pylon  
  169  13:27  Carrier (Chrono Boost)  
  169  13:42  Carrier (Chrono Boost)  
  171  13:56  Photon Cannon  
  161  14:03  Carrier (Chrono Boost)  
  161  14:07  Graviton Catapult  
  165  14:13  Photon Cannon  
  165  14:15  Zealot x8  
  184  14:35  Zealot x4  
  187  14:38  Probe x3  
  187  14:39  Probe  
  187  14:44  Photon Cannon  
  194  15:03  Pylon  
  194  15:05  Pylon  
  190  15:25  Zealot x6  
  184  15:36  Zealot x2  
  184  15:37  Probe x3  
Tags
 
Add a new tag
Caveats
  • Supply blocks, unpowered buildings, or Contaminate may cause inaccurate times.
  • Supply counts are checked every 10 seconds.